 Dungeon Crawl Stone Soup version 0.22-a0-32-ga749362 (webtiles) character file.

88 Faca the Skirmisher (level 4, -4/39 HPs)
             Began as a Centaur Fighter on Jan 3, 2018.
             Slain by Natasha (8 damage)
             ... on level 3 of the Dungeon.
             The game lasted 00:05:59 (2013 turns).

Faca the Skirmisher (Centaur Fighter)               Turns: 2013, Time: 00:05:59

Health: -4/39      AC:  6    Str: 18    XL:     4   Next: 30%
Magic:  4/4        EV:  5    Int:  7    God:
Gold:   156        SH:  8    Dex: 10    Spells: 3/3 levels left

rFire    . . .     SeeInvis .   e - +0 whip
rCold    . . .     Gourm    +   c - +0 shield
rNeg     . . .     Faith    .   b - +0 scale mail
rPois    .         Spirit   .   (no helmet)
rElec    .         Reflect  .   (no cloak)
rCorr    +         Harm     .   (no gloves)
MR       .....                  (no barding)
Stlth    ..........             h - amulet of the gourmand
HPRegen  0.13/turn              (no ring)
MPRegen  0.09/turn              k - ring of resist corrosion

@: lethally poisoned (-4 -> -7), slowed, invisible
A: large, hooves 3, deformed body, speed 2, tough skin 3
a: no special abilities


You were on level 3 of the Dungeon.
You were very full.

You visited 1 branch of the dungeon, and saw 3 of its levels.

You collected 156 gold pieces.

Inventory:

Hand Weapons
 a - a +0 flail
 e - a +0 whip (weapon)
Missiles
 m - 55 arrows
Armour
 b - a +0 scale mail (worn)
 c - a +0 shield (worn)
Jewellery
 g - an uncursed ring of ice
 h - an amulet of the gourmand (around neck)
 k - a ring of resist corrosion (right hand)
Potions
 d - a potion of might
 i - 3 potions of curing
 j - a potion of mutation {unknown}
 l - a potion of flight
 o - a potion of brilliance {unknown}
 p - a potion of lignification {unknown}
Comestibles
 f - 5 rations


   Skills:
 + Level 3.6 Fighting
 + Level 2.5 Maces & Flails
 + Level 3.0 Armour
 + Level 0.2 Dodging
 + Level 0.2 Stealth
 - Level 2.1 Shields


You had 3 spell levels left.
You didn't know any spells.

Dungeon Overview and Level Annotations

Branches:
Dungeon (3/15)

Altars:
Makhleb
Nemelex Xobeh
Yredelemnul

Annotations:
D:3 Natasha


Innate Abilities, Weirdness & Mutations

You have hooves in place of feet.
Armour fits poorly on your strangely shaped body.
You cover ground very quickly.
You have extremely tough skin. (AC +3)


Message History

The adder poisons you!
Natasha stares at you and mumbles some strange words.
You feel yourself slow down.
You miss the adder. Your kick misses the adder.
You feel sick. You block the adder's attack. You block the orc's attack.
Natasha claws you. The adder bites you but does no damage.
An orc comes into view. It is wielding a mace.
You closely miss the adder.
You feel sick.
The orc shouts!
You hear a shout!
The adder bites you but does no damage. You block the orc's attack.
Natasha claws you!
* * * LOW HITPOINT WARNING * * *
The adder bites you.
* * * LOW HITPOINT WARNING * * *
Natasha barely misses you. The orc hits you with a hand axe.
* * * LOW HITPOINT WARNING * * *
It was a potion of invisibility.
You fade into invisibility!
The adder barely misses you. Natasha claws you!
You die...

#.......###
##.........
##.########
#..........
#.#########
####.###
#......#
#......#
##...@##
#...Sho#
≈≈........≈
≈≈#......#≈≈≈
.###...?###.o≈.
...... ≈≈≈.
....... ≈≈.
≈#...... ≈.


You could see Natasha, an adder and 2 orcs.

Vanquished Creatures
  2 adders (D:2)
  A worm (D:2)
  3 dart slugs
  3 leopard geckos
  2 orcs (D:3)
  2 giant cockroaches (D:1)
  5 goblins
  10 hobgoblins
  4 jackals (D:1)
  4 kobolds
  A quokka (D:3)
  A ball python (D:2)
  6 bats
  3 frilled lizards (D:2)
  5 rats
52 creatures vanquished.

Notes
Turn   | Place    | Note
-------+----------+-------------------------------------------
     0 | D:1      | Faca the Centaur Fighter began the quest for the Orb.
     0 | D:1      | Reached XP level 1. HP: 19/19 MP: 1/1
   156 | D:1      | Reached XP level 2. HP: 25/26 MP: 2/2
   442 | D:1      | Reached XP level 3. HP: 31/31 MP: 3/3
  1271 | D:2      | Found a burning altar of Makhleb.
  1380 | D:2      | Reached XP level 4. HP: 30/39 MP: 4/4
  1846 | D:2      | Found a sparkling altar of Nemelex Xobeh.
  1847 | D:2      | Found a basalt altar of Yredelemnul.
  1999 | D:3      | Noticed Natasha
  2013 | D:3      | Slain by Natasha

Vault maps used:
D:1:      grunt_arrival_crossed_arrows
D:2:      old_standard_altar, gammafunk_temple_overflow_statue,
          minmay_misc_feat_cross
D:3:      wad_lake_hut, overflow_temple_1_default, uniq_natasha

Skill      XL: |  1  2  3 |
---------------+----------+-----
Maces & Flails | 2 |  2.5
Armour         | 3 |  3.0
Fighting       | |  3.6
Dodging        | |  0.2
Stealth        | |  0.2
Shields        | |  2.1

Action                   |  1- 3 |  4- 6 || total
-------------------------+-------+-------++-------
Melee: Whip              |   132 |    38 ||   170
       Kick              |    23 |     8 ||    31
  Use: Scroll            |     9 |       ||     9
       Potion            |       |     1 ||     1
  Eat: Chunk             |    14 |     3 ||    17
Armor: Scale mail        |    48 |    11 ||    59
Dodge: Dodged            |    19 |    10 ||    29
Block: Shield            |    55 |    22 ||    77

Table legend:
 A = Spawn XP
 B = Non-spawn XP
 C = Spawn XP percentage of total XP
 D = Spawn monster count
 E = Non-spawn monster count
 F = Spawn count percentage of total count
 G = Total turns spent on level
                    A         B        C        D         E        F      G
               +---------+---------+-------+---------+---------+-------+---------
         Total |       0 |     127 |   0.0 |       0 |      52 |   0.0 |  2013
               +---------+---------+-------+---------+---------+-------+---------
           D:1 |       0 |      50 |   0.0 |       0 |      26 |   0.0 |   884
           D:2 |       0 |      67 |   0.0 |       0 |      22 |   0.0 |  1072
           D:3 |       0 |      10 |   0.0 |       0 |       4 |   0.0 |    57
               +---------+---------+-------+---------+---------+-------+---------
